 Dungeon Crawl Stone Soup version 0.30-a0-824-g6c64550be9 (webtiles) character file.

Game seed: 15992268446908724575

169182 demibob the Warrior (level 17, 0/252 HPs)
             Began as a White Draconian Transmuter on Feb 27, 2023.
             Was the Champion of Uskayaw.
             Slain by a redback (15 damage)
             ... on level 4 of the Spider Nest on Feb 28, 2023.
             The game lasted 01:07:52 (31977 turns).

demibob the Warrior (White Draconian Transmuter)   Turns: 31977, Time: 01:07:53

Health: 0/252      AC: 19    Str: 25 (26) XL:     17   Next: 35%
Magic:  10/21      EV:  5    Int: 19      God:    Uskayaw [******]
Gold:   1753       SH:  0    Dex:  8 (11) Spells: 7/25 levels left

rFire   x . .      SeeInvis .      - Unarmed
rCold   + + .      Faith    +    (shield currently unavailable)
rNeg    . . .      Spirit   .    (body armour unavailable)
rPois   +          Reflect  .    (helmet currently unavailable)
rElec   .          Harm     .    (cloak currently unavailable)
rCorr   .          Rampage  .    (gloves currently unavailable)
Will    ++...                    (boots currently unavailable)
Stlth   +                        f - amulet of faith {!P}
HPRegen 0.62/turn                Z - ring of wizardry
MPRegen 0.17/turn                W - ring of willpower

@: dragon-form, on berserk cooldown, flying, held, slowed, studying 2 skills,
very slow
A: dragon claw, dragon scales, flying, boosted hp, breathe frost, AC +9, giant,
unfitting armour, (cold resistance 1), (cold-blooded), low MP 1
a: Breathe Frost, End Transformation, Renounce Religion, Stomp, Line Pass, Grand
Finale


You were on level 4 of the Spider Nest.
You worshipped Uskayaw.
Uskayaw was noncommittal.
You were a fearsome ice dragon!
You visited 5 branches of the dungeon, and saw 27 of its levels.
You also visited: Ossuary, Gauntlet and Ice Cave.

You collected 2493 gold pieces.
You spent 740 gold pieces at shops.


Innate Abilities, Weirdness & Mutations

You are a fearsome ice dragon!
You have a powerful clawing attack.
Your giant scaled body is strong and resiliant, but less evasive.
Your breath weapon is enhanced in this form.
You are flying.
Your maximum health is greatly increased.
Your armour is entirely melded.
You are incapable of wielding weapons or throwing items.
You can breathe waves of freezing cold which knock back foes.
Your icy white scales are hard. (AC +9)
You cannot fit into any form of body armour.
((Your flesh is cold resistant. (rC+)))
((You are cold-blooded and may be slowed by cold attacks.))
Your magical capacity is low. (-10% MP)


   Skills:
 + Level 19.2 Fighting
 - Level 14.0 Maces & Flails
 - Level 11.9 Dodging
 + Level 18.2 Unarmed Combat
 - Level 4.9 Spellcasting
 - Level 16.2 Transmutations
 - Level 2.4 Ice Magic


You had 7 spell levels left.
You knew the following spells:

 Your Spells              Type           Power      Damage    Failure   Level
b - Beastly Appendage     Tmut           100%       N/A       0%          1
d - Dragon Form           Tmut           30%        N/A       6%          7
h - Blade Hands           Tmut           30%        N/A       1%          5
o - Ozocubu's Armour      Ice            13%        N/A       6%          3
w - Wereblood             Tmut           60%        N/A       1%          2

Your spell library contained the following spells:

 Spells                   Type           Power      Damage    Failure   Level
 Spider Form              Tmut/Pois      35%        N/A       1%          3
 Ice Form                 Ice/Tmut       40%        N/A       1%          4
 Ensorcelled Hibernation  Hex/Ice        18%        N/A       4%          2
 Kiss of Death            Conj/Necr      16%        2d6       5%          1
 Magic Dart               Conj           16%        1d3       5%          1
 Sandblast                Erth           8%         2d5       5%          1
 Irradiate                Conj/Tmut      17%        3d17      5%          5
 Lesser Beckoning         Tloc           8%         N/A       8%          2
 Searing Ray              Conj           8%         2d4       8%          2
 Sublimation of Blood     Necr           4%         N/A       8%          2
 Hailstorm                Conj/Ice       9%         3d4       9%          3
 Dazzling Flash           Conj/Hex       8%         N/A       16%         3
 Gell's Gravitas          Tloc           4%         N/A       16%         3
 Portal Projectile        Hex/Tloc       8%         N/A       16%         3
 Teleport Other           Tloc           4%         N/A       16%         3
 Tukima's Dance           Hex            4%         N/A       16%         3
 Statue Form              Tmut/Erth      23%        N/A       26%         6
 Anguish                  Hex/Necr       2%         N/A       43%         4
 Fulminant Prism          Conj/Hex       2%         3d5       43%         4
 Metabolic Englaciation   Hex/Ice        4%         N/A       61%         5
 Agony                    Necr           4%         N/A       77%         5
 Borgnjor's Vile Clutch   Necr/Erth      2%         N/A       77%         5
 Lee's Rapid Deconstruct  Erth           2%         3d4*      77%         5
 Silence                  Hex/Air        2%         N/A       77%         5
 Simulacrum               Ice/Necr       4%         N/A       98%         6
 Iron Shot                Conj/Erth      2%         9d2       99%         6
 Summon Hydra             Summ           2%         N/A       100%        7
 Borgnjor's Revivificati  Necr           2%         N/A       100%        8
 Necromutation            Tmut/Necr      17%        N/A       100%        8
 Death's Door             Necr           2%         N/A       100%        9

Inventory:

Hand Weapons
 a - the +6 shillelagh "Devastator" (melded) {shatter}
   (You found it on level 3 of the Dungeon)
Missiles
 z - 6 throwing nets {=f}
Armour
 d - the +0 pair of boots "Ecogoxal" (melded) {rElec Will++ Str-3}
   (You found it in a Gauntlet)

   Str:       It affects your strength (-3).
   rElec:     It insulates you from electricity.
   Will:      It greatly increases your willpower.
 q - the +1 pair of boots of Ceim {rC+ SInv}
   (You found it in a Gauntlet)

   rC:        It protects you from cold.
   SInv:      It lets you see invisible.
 y - a +2 hat of willpower (melded)
 Q - a +0 cloak of stealth (melded)
Magical Staves
 U - a staff of air {!a}
Jewellery
 c - a ring of protection from cold
 f - an amulet of faith (around neck) {!P}
 t - an amulet of magic regeneration
 v - a ring of see invisible
 w - a ring of willpower
 C - a ring of protection from cold
 G - the amulet of Asoul {Spirit rElec Int+3}
   (You took it off a gnoll on level 7 of the Dungeon)

   [amulet of guardian spirit]

   It causes incoming damage to be divided between your reserves of health and
   magic.
   Int:       It affects your intelligence (+3).
   rElec:     It insulates you from electricity.
 J - an amulet of regeneration
 L - a ring of flight
 P - a ring of ice
 W - a ring of willpower (right foreclaw)
 Z - a ring of wizardry (left foreclaw)
Wands
 k - a wand of polymorph (9)
 u - a wand of paralysis (25)
 x - a wand of roots (16)
 F - a wand of mindburst (12)
 H - a wand of acid (22)
 I - a wand of flame (80)
 M - a wand of digging (6)
Scrolls
 b - 8 scrolls of teleportation {@r2}
 e - 6 scrolls of blinking
 j - 18 scrolls of identify {@r1}
 l - 4 scrolls of brand weapon
 m - 3 scrolls of enchant weapon
 n - 4 scrolls of amnesia
 o - 4 scrolls of fear
 B - 3 scrolls of enchant armour
 K - 4 scrolls of fog
 O - a scroll of immolation
Potions
 g - a potion of might
 h - 3 potions of invisibility
 i - 3 potions of resistance
 r - 3 potions of ambrosia
 s - 9 potions of haste {@q3}
 A - 4 potions of berserk rage {!q}
 D - 6 potions of mutation
 E - 8 potions of flight
 N - 6 potions of curing {@q1}
 R - 3 potions of brilliance
 V - a potion of magic
Miscellaneous
 p - a phantom mirror
 T - a piece from Xom's chessboard (15/15)
 X - a condenser vane (inert)
 Y - a lightning rod (4/4)

Dungeon Overview and Level Annotations

Branches:
Dungeon (15/15)            Temple (1/1) D:6            Lair (5/5) D:9
 Shoals (0/4) Lair:3       Spider (4/4) Lair:3          Orc (2/2) D:9
    Elf (0/3) Orc:2        Vaults (0/5) D:14         Depths (0/4) D:15
Ossuary (visited)           IceCv (visited)         Gauntlet (visited)
  Slime: Lair:4-5

Altars:
Ashenzari
Cheibriados
Dithmenos
Elyvilon
Fedhas
Gozag
Hepliaklqana
Kikubaaqudgha
Makhleb
Nemelex Xobeh
Okawaru
Qazlal
Ru
Sif Muna
Trog
Uskayaw
Vehumet
Wu Jian
Xom
Yredelemnul
Zin
The Shining One

Shops:
D:5 *(   D:9 (   D:10 ?   D:12 *   D:14 !   D:15 *   Orc:1 *   Orc:2 **?([

Annotations:
D:3 1 runed translucent door, smgboi's ghost, amateur GrFi
D:4 3 runed translucent doors, Pimp's ghost, amateur OpBr
D:13 3 runed translucent doors, Pimp's ghost, journeyman DsBe
Lair:4 exclusion: 3 oklob plants
Spider:2 1 runed translucent door, groundbeetle's ghost, adept DsEE

.....#†.....▒▒...▒▒▒...▒...▒...
#.#^........▒▒....▒...▒▒▒.▒▒▒..
.......†...^▒▒▒▒...}^^.▒..^▒...
#^...^..#.#.▒ ▒▒...........^..
..#.......†.▒ ▒▒..^..........
..^.....#...▒▒ ▒▒.....▒▒▒....
(.......#.^..▒▒ ...[..▒▒▒ ▒▒▒..
...#...#......▒▒..^..... ....
.#.....#..#.†sD▒▒▒▒▒▒.........▒
....#^......°Z####▒▒▒▒▒▒▒▒▒▒▒
......##........!#
#!^#..............
#.#...............
.........<^.......
....^..#...^.....
.^......#^.#...^.
......^#.....#...


You could see a redback (berserk, soul bound) and a moth of wrath simulacrum.


Message History

The tarantella simulacrum closely misses you.
The redback closely misses you.
Unknown command.
You bite the tarantella simulacrum!!
The tarantella simulacrum vaporises!
The moth of wrath simulacrum closely misses you.
You feel less confused. The redback closely misses you.
You are caught in the web!
You feel a strong urge to attack something.
You are no longer berserk.
You are exhausted.
You feel yourself slow down. The redback bites you!
* * * LOW HITPOINT WARNING * * *
The moth of wrath simulacrum bites you but does no damage.
The redback barely misses you.
There is a web, spattered with blood here.
You struggle to detach yourself from the web.
The redback bites you!!
* * * LOW HITPOINT WARNING * * *
The redback bites you!!
* * * LOW HITPOINT WARNING * * *
The moth of wrath simulacrum bites you.
* * * LOW HITPOINT WARNING * * *
The moth of wrath simulacrum freezes you.
You resist.
* * * LOW HITPOINT WARNING * * *
The redback bites you!
You die...

Skill      XL: |  1  2  3  4  5  6  7  8  9 10 11 12 13 14 15 16 17 |
---------------+----------------------------------------------------+-----
Unarmed Combat | 4 5 7 9 11 13 15 17 18 | 18.2
Transmutations | 4 6 8 10 12 14 16 | 16.2
Maces & Flails | 1 4 7 10 13 14 | 14.0
Fighting       | 8 10 12 15 16 17 19 | 19.2
Dodging        | 6 10 11 | 11.9
Spellcasting   | 4 |  4.9
Ice Magic      | 2 |  2.4

Action                     |  1- 3 |  4- 6 |  7- 9 | 10-12 | 13-15 | 16-18 || total
---------------------------+-------+-------+-------+-------+-------+-------++-------
  Melee: Unarmed           |   109 |    88 |       |       |    51 |   295 ||   543
         Tailslap          |    12 |    15 |    12 |    55 |   154 |    50 ||   298
         Kick              |    14 |    11 |       |       |       |       ||    25
         Punch             |     4 |     8 |     5 |    29 |    85 |    29 ||   160
         Headbutt          |     6 |     5 |       |       |       |       ||    11
         Shillelagh        |       |    22 |   163 |   444 |   887 |    55 ||  1571
         Bite              |       |       |       |       |     5 |    31 ||    36
   Cast: Beastly Appendage |    13 |     5 |       |       |       |     1 ||    19
         Wereblood         |     1 |     4 |     4 |    20 |    27 |     8 ||    64
         Dragon Form       |       |       |       |       |     9 |    28 ||    37
         Ozocubu's Armour  |       |       |       |       |       |     1 ||     1
Ability: Breathe Frost     |       |       |     2 |     1 |     1 |     4 ||     8
         End Transformatio |       |       |       |       |     1 |     1 ||     2
  Evoke: Wand              |       |       |       |     4 |    11 |       ||    15
         Phantom mirror    |       |       |       |       |     2 |     1 ||     3
         Condenser vane    |       |       |       |       |       |     1 ||     1
    Use: Potion            |     2 |       |     1 |     6 |     3 |     2 ||    14
         Scroll            |     1 |     3 |     3 |    26 |    10 |     1 ||    44
   Stab: Paralysed         |       |       |     2 |    25 |    69 |    37 ||   133
         Distracted        |       |       |       |     2 |       |     1 ||     3
         Sleeping          |       |       |       |     3 |     5 |       ||     8
 Armour: Skin              |    29 |    36 |    34 |   103 |   236 |   184 ||   622
  Dodge: Dodged            |    74 |    64 |    63 |   231 |   435 |   166 ||  1033

Levels and vault maps discovered:
D:1:      heliophobic_arrival_ceremonial_halls, layout_rooms
D:2:      layout_basic, nicolae_ecumenical_snake_handling,
          roderic_serpentine_path, hangedman_decor_riveting, uniq_sigmund
D:3:      layout_rooms, ebering_ghost_reflecting_pool
D:4:      layout_basic, gammafunk_ghost_split, hangedman_feature_mirror
D:5:      layout_basic, mainiacjoe_overflow_paths, tso_metal_star,
          nicolae_qazlal_general_emergency, nicolae_elemental_shop,
          doesnt_shop_hydraphobe
D:6:      layout_basic, kennysheep_little_box, mainiacjoe_overflow_alcove_1,
          minmay_temple_entry_mini_moons, grunt_ministairs_8,
          roderic_roman_lattice
D:7:      layout_gridville, trog_ov_bears_minmay, gammafunk_ghost_gnarly_gnolls,
          nicolae_ossuary_entry_catacombs, nicolae_nh_ransacked_shop, uniq_pikel
D:8:      layout_rooms, minmay_misc_feat_five, serial_bayou_pond_c,
          hangedman_glass_garden, minivault_5
D:9:      layout_rooms, nicolae_hepliaklqana_hippocampus,
          grunt_lair_entry_orc_guard_hut, orc_0_dummy, serial_shops, shop,
          uniq_maurice, uniq_grum, uniq_gastronok
D:10:     old_forge, layout_basic, serial_shops, nicolae_diamond_shop
D:11:     layout_cave_pods
D:12:     layout_loops_cross, nicolae_stop_n_shop_2, uniq_kirke, uniq_nessos,
          uniq_frances
D:13:     layout_irregular_city, gammafunk_ghost_hydra_chop,
          portal_ice_cave_entry_ice_simulacra
D:14:     layout_roguey, grunt_vaults_entry_tiered, grunt_gozag_statues,
          serial_shops, nicolae_take_the_stairs
D:15:     grunt_enter_depths_snipers, layout_rooms, gauntlet_entry_generic,
          nicolae_dithmenos_through_a_glass_darkly, minmay_misc_feat_iff,
          zin_purify
Temple:   regret_index_temple_generic_petals
Lair:1:   layout_misc_corridors, nzn_sisyphean_effort, lemuel_fruit_fields
Lair:2:   layout_chaotic_city, grunt_megastairs_2
Lair:3:   layout_regular_city, minmay_shoals_entry_lonely_mermaid,
          spider_nest_entry_webs, nicolae_volcano_entry_lava_flow
Lair:4:   layout_layer_cave, minmay_slime_entry_oklob_open, lemuel_fruit_tree,
          grunt_megastairs_1, uniq_urug
Lair:5:   grunt_lair_end_beastmaster, layout_regular_city
Spider:1: layout_chambers, nicolae_spider_rock_and_or_roll
Spider:2: layout_spider_delve, ebering_ghost_reflecting_pool, uniq_arachne
Spider:3: nicolae_spider_hilbert_zone_5 [nicolae_spider_hilbert_3_sides_1_open,
          nicolae_spider_hilbert_4_sides_1_open,
          nicolae_spider_hilbert_4_sides_1_open,
          nicolae_spider_hilbert_6_sides_1_open,
          nicolae_spider_hilbert_6_sides_1_open], uniq_roxanne
Spider:4: johnstein_spider_rune_arachne_lair
Orc:1:    layout_caves, serial_shops, nicolae_shop_advertising_works
          [nicolae_subvault_shop_adworks]
Orc:2:    st_orc_mages, layout_caves, serial_shops, nicolae_lakefront_shop,
          elves_outpost_lemuel

Notes
Turn   | Place    | Note
-------+----------+-------------------------------------------
     0 | D:1      | demibob the Draconian Transmuter began the quest for the
                  | Orb.
     0 | D:1      | Reached XP level 1. HP: 16/16 MP: 3/3
    67 | D:1      | HP: 1/16 [goblin/+0 club (1)]
    71 | D:1      | Reached XP level 2. HP: 3/23 MP: 3/5
   206 | D:1      | Learned a level 2 spell: Wereblood
   289 | D:1      | Reached skill level 4 in Unarmed Combat
   357 | D:1      | Reached XP level 3. HP: 17/28 MP: 4/6
   732 | D:2      | Noticed Sigmund
   746 | D:2      | HP: 3/42 [something (9)]
   750 | D:2      | Killed Sigmund
   751 | D:2      | Reached skill level 5 in Unarmed Combat
   751 | D:2      | Reached skill level 4 in Transmutations
   751 | D:2      | Reached XP level 4. HP: 5/35 MP: 7/7
   751 | D:2      | Reached XP level 5. HP: 5/40 MP: 8/8
   900 | D:2      | You fall into a shaft and drop 2 floors!
  1023 | D:3      | Found the +6 shillelagh "Devastator" {shatter}
  1093 | D:3      | Found a runed translucent door.
  1094 | D:3      | Noticed smgboi's ghost (amateur GrFi)
  1153 | D:3      | Reached skill level 1 in Maces & Flails
  1153 | D:3      | Reached XP level 6. HP: 27/47 MP: 9/9
  1449 | D:3      | Reached skill level 2 in Maces & Flails
  1734 | D:4      | Reached skill level 3 in Maces & Flails
  1870 | D:4      | Reached skill level 4 in Maces & Flails
  1875 | D:4      | Your scales start taking on an icy white colour.
  1875 | D:4      | Reached XP level 7. HP: 47/52 MP: 7/10
  1875 | D:4      | Gained mutation: Your flesh is cold resistant. (rC+) [White
                  | Draconian growth]
  1987 | D:4      | Noticed Pimp's ghost (amateur OpBr)
  1994 | D:4      | Found a runed translucent gate.
  1994 | D:4      | Found a runed translucent gate.
  1996 | D:4      | Found a runed translucent gate.
  2516 | D:5      | Entered Level 5 of the Dungeon
  2563 | D:5      | Reached skill level 5 in Maces & Flails
  2648 | D:5      | Found a stormy altar of Qazlal.
  2657 | D:5      | Found Dootui's Hydra Hut.
  2660 | D:5      | Noticed a six-headed hydra
  2739 | D:5      | Reached skill level 6 in Maces & Flails
  2885 | D:5      | Found a glowing golden altar of the Shining One.
  3045 | D:5      | Found a snail-covered altar of Cheibriados.
  3107 | D:5      | Found Arackuhemn's Elemental Accessories.
  3501 | D:6      | Found an opulent altar of Gozag.
  3531 | D:6      | Reached skill level 7 in Maces & Flails
  3531 | D:6      | Reached XP level 8. HP: 59/59 MP: 11/11
  3667 | D:6      | Found a staircase to the Ecumenical Temple.
  3725 | Temple   | Entered the Ecumenical Temple
  3985 | Temple   | Became a worshipper of Uskayaw the Reveller
  4054 | D:6      | Reached * piety under Uskayaw
  4055 | D:6      | Reached skill level 8 in Maces & Flails
  4090 | D:6      | Reached ** piety under Uskayaw
  4277 | D:6      | Found a burning altar of Makhleb.
  4595 | D:6      | Reached skill level 9 in Maces & Flails
  4737 | D:7      | Found a bloodstained altar of Trog.
  4743 | D:7      | Reached *** piety under Uskayaw
  4746 | D:7      | Reached **** piety under Uskayaw
  4749 | D:7      | Reached skill level 10 in Maces & Flails
  4750 | D:7      | Reached XP level 9. HP: 52/64 MP: 12/12
  4843 | D:7      | Noticed Pikel
  4850 | D:7      | Killed Pikel
  4851 | D:7      | Reached skill level 11 in Maces & Flails
  4927 | D:7      | Reached ***** piety under Uskayaw
  4928 | D:7      | Reached skill level 12 in Maces & Flails
  5195 | D:7      | Found a sand-covered staircase.
  5205 | Ossuary  | Entered an ossuary
  5783 | D:7      | Found a transporter.
  5784 | D:7      | Identified the amulet of Asoul {Spirit rElec Int+3}
  5784 | D:7      | Noticed Twinkles's ghost (novice OpBr)
  5880 | D:7      | Found a transporter.
  5913 | D:7      | Reached skill level 13 in Maces & Flails
  5913 | D:7      | Reached XP level 10. HP: 59/71 MP: 10/13
  5931 | D:7      | Reached ****** piety under Uskayaw
  5934 | D:7      | Killed Twinkles's ghost
  6217 | D:8      | Reached skill level 2 in Fighting
  6221 | D:8      | Reached skill level 3 in Fighting
  6420 | D:8      | Reached skill level 4 in Fighting
  7217 | D:8      | Identified a scroll of acquirement
  7217 | D:8      | Acquired a manual of Dodging
  7241 | D:9      | Found Woifim Edeud's Antique Weapon Shoppe.
  7325 | D:9      | Reached skill level 2 in Dodging
  7327 | D:9      | Reached skill level 5 in Fighting
  7327 | D:9      | Reached skill level 14 in Maces & Flails
  7331 | D:9      | Reached skill level 6 in Fighting
  7331 | D:9      | Reached skill level 3 in Dodging
  7336 | D:9      | Noticed Gastronok
  7350 | D:9      | Noticed Maurice
  7368 | D:10     | Entered Level 10 of the Dungeon
  7512 | D:10     | Identified 2 potions of resistance
  7814 | D:10     | Reached skill level 4 in Dodging
  7816 | D:10     | Reached skill level 7 in Fighting
  7915 | D:10     | Reached skill level 5 in Dodging
  7921 | D:10     | Reached skill level 8 in Fighting
  7960 | D:10     | Found Uqajee's Magic Scroll Emporium.
  7972 | D:10     | Bought a scroll of acquirement for 572 gold pieces
  7972 | D:10     | Acquired a +0 hat of willpower
  8138 | D:10     | Reached skill level 6 in Dodging
  8156 | D:10     | Reached XP level 11. HP: 95/95 MP: 12/14
  8547 | D:9      | Found a staircase to the Orcish Mines.
  8556 | D:10     | Reached skill level 9 in Fighting
  8853 | D:9      | Reached skill level 7 in Dodging
  8889 | D:9      | Killed Gastronok
  8890 | D:9      | Reached skill level 10 in Fighting
  8954 | D:9      | Reached skill level 8 in Dodging
  9078 | D:9      | Found a staircase to the Lair.
  9178 | D:9      | Found a hazy altar of Hepliaklqana.
  9234 | D:9      | Killed Maurice
  9257 | D:9      | Acquired a manual of Fighting
  9415 | D:9      | Noticed Grum
  9431 | D:9      | Killed Grum
  9452 | Lair:1   | Entered Level 1 of the Lair of Beasts
  9457 | Lair:1   | Reached skill level 9 in Dodging
  9483 | Lair:1   | Reached skill level 6 in Unarmed Combat
  9496 | Lair:1   | Reached skill level 5 in Transmutations
  9504 | Lair:1   | Noticed a catoblepas
  9522 | Lair:1   | Killed a catoblepas
  9847 | Lair:1   | Reached skill level 10 in Dodging
  9849 | Lair:1   | Reached skill level 7 in Unarmed Combat
  9850 | Lair:1   | Reached skill level 6 in Transmutations
 10128 | Lair:1   | Noticed a boulder beetle
 10156 | Lair:1   | Killed a boulder beetle
 10157 | Lair:1   | Reached XP level 12. HP: 93/108 MP: 11/15
 10391 | Lair:2   | Reached skill level 11 in Dodging
 10548 | Lair:2   | Reached skill level 7 in Transmutations
 10552 | Lair:2   | Reached skill level 8 in Unarmed Combat
 10746 | Lair:2   | Reached skill level 8 in Transmutations
 11221 | Lair:2   | Reached skill level 11 in Fighting
 11537 | Lair:3   | Reached skill level 9 in Unarmed Combat
 11675 | Lair:3   | Found a dark tunnel.
 11972 | Lair:3   | Reached skill level 12 in Fighting
 12160 | Lair:3   | Found a staircase to the Shoals.
 12239 | Lair:3   | Found a hole to the Spider Nest.
 12401 | Lair:3   | Noticed a catoblepas
 12417 | Lair:3   | Killed a catoblepas
 12418 | Lair:3   | Reached XP level 13. HP: 70/118 MP: 16/16
 13113 | Lair:4   | Reached skill level 9 in Transmutations
 13735 | Lair:4   | Noticed Urug
 13742 | Lair:4   | Killed Urug
 13743 | Lair:4   | Reached skill level 10 in Unarmed Combat
 13820 | Lair:4   | Reached skill level 13 in Fighting
 14144 | Lair:5   | Entered Level 5 of the Lair of Beasts
 14230 | Lair:5   | Learned a level 5 spell: Blade Hands
 14479 | Lair:5   | Reached skill level 10 in Transmutations
 14630 | Lair:5   | Reached skill level 14 in Fighting
 14660 | Lair:5   | Reached skill level 11 in Unarmed Combat
 15023 | Lair:5   | Reached skill level 15 in Fighting
 15676 | Orc:1    | Entered Level 1 of the Orcish Mines
 15725 | Orc:1    | Noticed an ettin
 15730 | Orc:1    | Identified a +2 robe of resistance
 15749 | Orc:1    | Killed an ettin
 15750 | Orc:1    | Reached XP level 14. HP: 135/135 MP: 17/17
 15790 | Orc:1    | Found Woophe's General Store.
 15891 | Orc:2    | Entered Level 2 of the Orcish Mines
 15891 | Orc:2    | Found a staircase to the Elven Halls.
 15900 | Orc:2    | Reached skill level 11 in Transmutations
 16442 | Orc:2    | Reached skill level 16 in Fighting
 16470 | Orc:2    | Found Tollawn's General Store.
 16470 | Orc:2    | Found Gefongo's Antique Armour Boutique.
 16470 | Orc:2    | Found Hueckaq's Magic Scroll Shop.
 16475 | Orc:2    | Found Cealigay's Weapon Boutique.
 16834 | Orc:2    | Reached skill level 12 in Unarmed Combat
 17159 | Orc:2    | Found Uwnody's Assorted Antiques.
 17167 | Orc:2    | Bought a scroll labelled PIOMEU KODGHUST for 28 gold pieces
 17167 | Orc:2    | Bought a shiny tourmaline ring for 140 gold pieces
 18490 | D:12     | Reached skill level 3 in Spellcasting
 19133 | D:12     | Noticed Frances
 19147 | D:12     | Killed Frances
 19322 | D:12     | Found Doteisargh's Assorted Antiques.
 19431 | D:12     | Noticed Kirke
 19445 | D:12     | Killed Kirke
 19446 | D:12     | Reached skill level 4 in Spellcasting
 19497 | D:12     | Noticed Nessos
 19499 | D:12     | Nessos changed into Nessos the rat
 19499 | D:12     | Noticed Nessos
 19503 | D:12     | Killed Nessos the rat
 19665 | D:13     | Found a runed translucent gate.
 19666 | D:13     | Found a runed translucent gate.
 19667 | D:13     | Found a runed translucent gate.
 19668 | D:13     | Noticed Pimp's ghost (journeyman DsBe)
 19714 | D:13     | Found a frozen archway.
 19741 | D:13     | Reached skill level 13 in Unarmed Combat
 19748 | IceCv    | Entered an ice cave
 20040 | IceCv    | Reached skill level 12 in Transmutations
 20055 | IceCv    | Found an ancient bone altar of Kikubaaqudgha.
 20674 | IceCv    | Identified a +0 leather armour of resistance
 20713 | IceCv    | Got the Atlas of Deathly Graupel
 20718 | IceCv    | Learned a level 3 spell: Ozocubu's Armour
 20842 | D:13     | Reached XP level 15. HP: 85/145 MP: 19/22
 21122 | D:13     | Learned a level 7 spell: Dragon Form
 21164 | D:13     | Reached skill level 1 in Ice Magic
 21282 | D:13     | Reached skill level 2 in Ice Magic
 21950 | D:14     | Found an opulent altar of Gozag.
 22000 | D:14     | Found Najic's Distillery.
 22292 | D:14     | Reached skill level 14 in Unarmed Combat
 22304 | D:14     | Found a gate to the Vaults.
 22310 | D:14     | Reached skill level 13 in Transmutations
 23076 | D:15     | Entered Level 15 of the Dungeon
 23103 | D:15     | Found Zin's Purification Station.
 23104 | D:15     | Found a gate leading to a gauntlet.
 23119 | Gauntlet | Entered a Gauntlet
 23119 | Gauntlet | Found a transporter.
 23127 | Gauntlet | Found a runed translucent gate.
 23128 | Gauntlet | Found a transporter.
 23128 | Gauntlet | Found a runed translucent gate.
 23129 | Gauntlet | Found a runed translucent gate.
 23140 | Gauntlet | Found a transporter.
 23144 | Gauntlet | Found a transporter.
 23154 | Gauntlet | Found a transporter.
 23176 | Gauntlet | Found a transporter.
 23189 | Gauntlet | Found a transporter.
 23209 | Gauntlet | Found a transporter.
 23213 | Gauntlet | Found a transporter.
 23217 | Gauntlet | Found a runed translucent door.
 23221 | Gauntlet | Found a transporter.
 23230 | Gauntlet | Found a runed translucent door.
 23247 | Gauntlet | Found a transporter.
 23251 | Gauntlet | Found a transporter.
 23408 | Gauntlet | Identified the +1 pair of boots of Ceim {rC+ SInv}
 23457 | Gauntlet | Identified the +0 pair of boots "Ecogoxal" {rElec Will++
                  | Str-3}
 23617 | Gauntlet | Identified the +1 plate armour of Nuff {rPois rC+}
 23790 | D:15     | Found a glowing silver altar of Zin.
 24394 | D:15     | Found a shadowy altar of Dithmenos.
 24440 | D:15     | Reached skill level 15 in Unarmed Combat
 24440 | D:15     | Reached skill level 14 in Transmutations
 24450 | D:15     | Found a staircase to the Depths.
 24450 | D:15     | Noticed a frost giant
 24464 | D:15     | Killed a frost giant
 25309 | Spider:1 | Entered Level 1 of the Spider Nest
 26259 | Spider:1 | HP: 9/145 [disintegration (40)]
 26259 | Spider:1 | HP: 2/145 [boulder beetle (7)]
 26266 | Spider:1 | HP: 12/145 [boulder beetle (19)]
 26932 | Spider:1 | Noticed an emperor scorpion
 26942 | Spider:1 | Reached XP level 16. HP: 152/152 MP: 18/23
 27812 | Spider:2 | Noticed Arachne
 27817 | Spider:2 | Killed Arachne
 27818 | Spider:2 | Reached skill level 15 in Transmutations
 27821 | Spider:2 | Reached skill level 16 in Unarmed Combat
 28822 | Spider:2 | Found a runed translucent door.
 28983 | Spider:2 | Noticed groundbeetle's ghost (adept DsEE)
 29000 | Spider:3 | Identified Roxanne's Opusculum on Quicksand
 29000 | Spider:3 | Noticed Roxanne
 29011 | Spider:3 | Killed Roxanne
 29480 | Spider:3 | Reached skill level 16 in Transmutations
 29489 | Spider:3 | Gained mutation: Your magical capacity is low. (-10% MP)
                  | [mutagenic glow]
 29495 | Spider:3 | Reached skill level 17 in Unarmed Combat
 30158 | Spider:3 | Reached skill level 17 in Fighting
 30528 | Spider:4 | Entered Level 4 of the Spider Nest
 30755 | Spider:4 | Reached XP level 17. HP: 163/163 MP: 13/21
 30768 | Spider:4 | Reached skill level 18 in Fighting
 31361 | Spider:4 | Reached skill level 18 in Unarmed Combat
 31912 | Spider:4 | Reached skill level 19 in Fighting
 31977 | Spider:4 | HP: 22/252 [redback (22)]
 31977 | Spider:4 | Slain by a redback

Vanquished Creatures
  Frances (D:12)
  Gastronok (D:9)
  Kirke (D:12)
  Roxanne (Spider:3)
  A frost giant (D:15)
  2 emperor scorpions
  6 ghost moths
  2 broodmothers (Spider:1)
  A minotaur (Gauntlet)
  A spark wasp (Spider:1)
  A dire elephant (Gauntlet)
  An ettin (Orc:1)
  5 entropy weavers
  2 radroaches
  2 vault guards (D:14)
  6 hydras
  3 catoblepae
  9 boulder beetles
  6 jorogumos
  A deep troll shaman (Lair:5)
  5 death yaks (Lair:5)
  3 two-headed ogres
  A thrashing horror (Gauntlet)
  4 tengu warriors
  Urug (Lair:4)
  4 orc high priests (Orc:2)
  The ghost of Twinkles the Covert, a novice OpBr of Gozag (D:7)
  A skyshark (Lair:2)
  9 pharaoh ants
  4 sun moths
  4 skeletal warriors (D:15)
  10 orb spiders
  4 necromancers
  Pikel (D:7)
  4 deep elf zephyrmancers (Orc:2)
  8 deep elf pyromancers
  A harpy (shapeshifter) (D:14)
  4 steelbarb worms
  16 ugly things
  3 orc sorcerers
  18 wolf spiders
  A cyclops (D:13)
  A manticore (D:13)
  5 moths of wrath
  9 demonic crawlers
  A merfolk siren (Lair:3)
  Maurice (D:9)
  16 elephants
  An ice statue (IceCv)
  2 black mambas
  10 torpor snails
  A rime drake (Lair:2)
  8 cane toads
  2 gargoyles
  A tengu conjurer (D:14)
  6 komodo dragons
  4 freezing wraiths (IceCv)
  2 anaconda simulacra (IceCv)
  13 ice devils (IceCv)
  A hornet (D:7)
  A polar bear (Lair:3)
  3 trolls
  14 dream sheep
  28 tarantellas
  Sigmund (D:2)
  9 slime creatures (D:13)
  27 jumping spiders
  15 culicivoras
  A dire elephant simulacrum (IceCv)
  3 wraiths
  A vampire (D:14)
  57 yaks
  4 wyverns
  2 hogs (D:12)
  5 basilisks
  20 humans (D:14)
  Grum (D:9)
  3 death yak simulacra (IceCv)
  61 redbacks
  14 vampire mosquitoes
  A hydra simulacrum (IceCv)
  3 acid dragons
  2 harpy simulacra (IceCv)
  13 water moccasins
  14 orc warriors
  An ice beast (shapeshifter) (D:14)
  2 ice beasts
  9 black bears
  2 sky beasts
  25 wolves
  4 boggarts (D:15)
  7 ogres
  4 small abominations (Gauntlet)
  13 centaurs
  A phantom (D:6)
  A kobold brigand (D:7)
  An elf zombie (D:7)
  9 scorpions
  An elf skeleton (D:7)
  17 bullfrogs
  2 necrophages
  5 gnoll sergeants
  9 cane toad simulacra
  2 two-headed ogre simulacra
  5 elephant simulacra (IceCv)
  16 killer bees
  4 howler monkeys
  2 electric eels (Orc:2)
  2 centaur zombies (Ossuary)
  2 human zombies (Ossuary)
  3 hounds
  21 orc priests
  A gnoll bouda (D:7)
  3 jellies
  A human skeleton (D:7)
  5 iguanas
  32 orc wizards
  2 polar bear simulacra (IceCv)
  5 troll simulacra
  2 spriggan simulacra (IceCv)
  2 wolf simulacra (IceCv)
  4 mummies (Ossuary)
  4 adders
  16 gnolls
  2 naga simulacra (D:13)
  A shadow imp (D:5)
  A white imp (D:5)
  4 ufetubi
  3 worms (D:3)
  3 dart slugs
  63 orcs
  4 endoplasms
  3 giant cockroaches
  10 goblins
  5 hobgoblins
  13 jackals
  4 quokkas
  8 ball pythons
  12 bats
  3 frilled lizards (D:1)
  A goblin zombie (Ossuary)
  11 kobolds
  3 kobold zombies (Ossuary)
  3 orc skeletons (D:7)
  3 rats
  2 butterflies (D:8)
956 creatures vanquished.

Vanquished Creatures (collateral kills)
  Arachne (Spider:2)
  A hydra (Lair:4)
  An elephant (Lair:4)
  A redback (Spider:2)
4 creatures vanquished.

Vanquished Creatures (others)
  A centaur warrior (D:13)
  A yak (Lair:1)
  42 fungi
  84 plants
128 creatures vanquished.

Grand Total: 1088 creatures vanquished

Table legend: (Time is in decaauts)
 A = Elapsed time spent in this place.
 B = Non-inter-level travel time spent in this place.
 C = Inter-level travel time spent in this place.
 D = Time resting spent in this place.
 E = Time spent auto-exploring this place.
 F = Levels seen in this place.
 G = Mean time per level.
                   A        B        C        D        E       F      G
               +--------+--------+--------+--------+--------+-----+--------+
         Total |  31321 |  30039 |   1282 |   4769 |  20378 |  30 | 1044.0 |
       Dungeon |  14907 |  14112 |    795 |   1727 |  10188 |  15 |  993.8 |
        Temple |    288 |    225 |     63 |      0 |    215 |   1 |  288.0 |
          Lair |   6099 |   5827 |    272 |    438 |   4681 |   5 | 1219.8 |
   Spider Nest |   6551 |   6457 |     94 |   1865 |   3489 |   4 | 1637.8 |
  Orcish Mines |   1600 |   1544 |     56 |    306 |    950 |   2 |  800.0 |
       Ossuary |    194 |    194 |      0 |      0 |    132 |   1 |  194.0 |
      Ice Cave |   1027 |   1027 |      0 |    312 |    406 |   1 | 1027.0 |
      Gauntlet |    651 |    651 |      0 |    120 |    317 |   1 |  651.0 |
               +--------+--------+--------+--------+--------+-----+--------+

Top non-repeatable levels by time:
Spider:1: 2628 daAuts
Spider:3: 1754 daAuts
  Lair:3: 1514 daAuts
    D:10: 1459 daAuts
  Lair:5: 1387 daAuts
    D:15: 1332 daAuts
  Lair:4: 1315 daAuts
    D:12: 1215 daAuts
     D:7: 1198 daAuts
    D:13: 1193 daAuts
   Orc:2: 1162 daAuts
    D:14: 1134 daAuts
Spider:2: 1108 daAuts
     D:8: 1088 daAuts
Spider:4: 1059 daAuts

Table legend:
 A = Non-vault XP
 B = Vault XP
 C = Vault XP percentage of total XP
 D = Non-vault monster count
 E = Vault monster count
 F = Vault count percentage of total count
                 A         B        C        D         E       F
            +---------+---------+-------+---------+---------+-------
      Total |  140818 |  100871 |  41.7 |     623 |     337 |  35.1
            +---------+---------+-------+---------+---------+-------
        D:1 |      74 |       0 |   0.0 |      35 |       0 |   0.0
        D:2 |       2 |     239 |  99.2 |       1 |       1 |  50.0
        D:3 |     181 |       0 |   0.0 |      26 |       0 |   0.0
        D:4 |     181 |      97 |  34.9 |      13 |       6 |  31.6
        D:5 |     468 |       0 |   0.0 |      14 |       0 |   0.0
        D:6 |     915 |     121 |  11.7 |      19 |       2 |   9.5
        D:7 |    1658 |    2470 |  59.8 |      15 |      25 |  62.5
        D:8 |    1109 |       0 |   0.0 |      20 |       0 |   0.0
        D:9 |    2075 |    3251 |  61.0 |      23 |      12 |  34.3
       D:10 |    2350 |     561 |  19.3 |      33 |      17 |  34.0
       D:11 |    3559 |       0 |   0.0 |      20 |       0 |   0.0
       D:12 |    3869 |    3422 |  46.9 |      11 |       5 |  31.2
       D:13 |    9554 |     309 |   3.1 |      25 |       8 |  24.2
       D:14 |    6381 |    7380 |  53.6 |      20 |      25 |  55.6
       D:15 |   10383 |    2940 |  22.1 |      20 |       3 |  13.0
     Lair:1 |    5554 |     832 |  13.0 |      29 |       1 |   3.3
     Lair:2 |    6868 |    2736 |  28.5 |      27 |       9 |  25.0
     Lair:3 |    6104 |     654 |   9.7 |      22 |       2 |   8.3
     Lair:4 |    4451 |    1160 |  20.7 |      10 |       3 |  23.1
     Lair:5 |    8792 |   10071 |  53.4 |      36 |      21 |  36.8
   Spider:1 |   16809 |    4115 |  19.7 |      41 |       5 |  10.9
   Spider:2 |   16351 |    2298 |  12.3 |      51 |       1 |   1.9
   Spider:3 |   16886 |    8368 |  33.1 |      40 |      18 |  31.0
   Spider:4 |   11327 |   24896 |  68.7 |      25 |      51 |  67.1
      Orc:1 |    1623 |       0 |   0.0 |       3 |       0 |   0.0
      Orc:2 |    3294 |   10858 |  76.7 |      44 |      51 |  53.7
    Ossuary |       0 |     257 | 100.0 |       0 |      12 | 100.0
      IceCv |       0 |   10063 | 100.0 |       0 |      51 | 100.0
   Gauntlet |       0 |    3773 | 100.0 |       0 |       8 | 100.0
            +---------+---------+-------+---------+---------+-------
